 Dungeon Crawl Stone Soup version 0.30-a0-3-gc9032a9cac (webtiles) character file.

Game seed: 3210268393443716233

237 Jardren the Vexing (level 5, 0/24 HPs)
             Began as a Spriggan Enchanter on Aug 20, 2022.
             Succumbed to a water moccasin's poison
             ... on level 3 of the Dungeon.
             The game lasted 00:07:29 (3033 turns).

Jardren the Vexing (Spriggan Enchanter)             Turns: 3033, Time: 00:07:29

Health: 0/24       AC:  6    Str:  6    XL:     5   Next: 77%
Magic:  10/13      EV: 17    Int: 16    God:
Gold:   48         SH:  0    Dex: 16    Spells: 3/14 levels left

rFire   + . .      SeeInvis +    h - +6 club (spect)
rCold   + . .      Faith    .    (no shield)
rNeg    . . .      Spirit   .    b - +0 robe
rPois   .          Reflect  .    (helmet restricted)
rElec   .          Harm     .    j - +1 cloak {Stlth+}
rCorr   .          Rampage  .    (gloves unavailable)
Will    .....                    (boots unavailable)
Stlth   ++++......               (no amulet)
HPRegen 0.08/turn                i - ring of protection from fire
MPRegen 0.13/turn                (no ring)

@: lethally poisoned (0 -> -2), attractive, flying, very quick
A: very small, no large weapons, unfitting armour, see invisible, speed 3,
iridescent scales 1, cold resistance 1, MP-powered wands
a: no special abilities


You were on level 3 of the Dungeon.
You visited 1 branch of the dungeon, and saw 3 of its levels.

You collected 92 gold pieces.
You spent 44 gold pieces at shops.

Inventory:

Hand Weapons
 a - a +2 dagger
 h - a +6 spectral club (weapon)
Armour
 b - a +0 robe (worn)
 j - a +1 cloak of stealth (worn)
Jewellery
 i - a ring of protection from fire (left hand)
Wands
 d - a wand of quicksilver (2)
 e - a wand of charming (8)
Potions
 c - a potion of invisibility
 f - 2 potions of flight


   Skills:
 - Level 1.1 Short Blades
 - Level 2.6 Dodging
 + Level 5.2 Stealth
 + Level 5.3 Spellcasting
 + Level 5.9 Hexes


You had 3 spell levels left.
You knew the following spells:

 Your Spells              Type           Power      Damage    Failure   Level
a - Ensorcelled Hibernat  Hex/Ice        26%        N/A       7%          2
b - Tukima's Dance        Hex            23%        N/A       3%          3
c - Dazzling Flash        Conj/Hex       26%        N/A       13%         3
d - Confusing Touch       Hex            23%        N/A       3%          3

Your spell library contained the following spells:

 Spells                   Type           Power      Damage    Failure   Level
 Portal Projectile        Hex/Tloc       26%        N/A       13%         3
 Magic Dart               Conj           16%        1d3       14%         1
 Call Imp                 Summ           4%         N/A       22%         2
 Call Canine Familiar     Summ           4%         N/A       41%         3
 Mephitic Cloud           Conj/Pois/Air  4%         N/A       41%         3
 Leda's Liquefaction      Hex/Erth       6%         N/A       41%         4


Dungeon Overview and Level Annotations

Branches:
Dungeon (3/15)

Altars:
Trog

Shops:
D:2 ?(!(


Innate Abilities, Weirdness & Mutations

You are very small and have problems with some larger weapons.
You are too small for most types of armour.
You have supernaturally acute eyesight. (SInv)
You cover ground extremely quickly. (Speed+++)
You are partially covered in iridescent scales. (AC +2)
Your flesh is cold resistant. (rC+)
You expend magic power (3 MP) to strengthen your wands.


Message History

A kobold comes into view. It is wielding a +0 hand axe.
The kobold closely misses you.
The hobgoblin unwields a +0 sling.
The hobgoblin hits you.
* * * LOW HITPOINT WARNING * * *
The goblin misses you. The water moccasin misses you.
It was a potion of attraction.
You feel attractive to monsters.
* * * LOW HITPOINT WARNING * * *
You feel sick. The kobold barely misses you. The goblin barely misses you.
The hobgoblin completely misses you.
The water moccasin bites you but does no damage.
The hobgoblin is attracted toward you. x2; The kobold is attracted toward you. x2
You aren't carrying any scrolls.
Unknown command.
Unknown command.
* * * LOW HITPOINT WARNING * * *
You feel sick.
A hobgoblin comes into view. It is wielding a +0 club.
The hobgoblin is attracted toward you.
The hobgoblin is attracted toward you. x2; The kobold is attracted toward you.
The hobgoblin is attracted toward you.
* * * LOW HITPOINT WARNING * * *
You feel sick. The kobold is attracted toward you.
The hobgoblin is attracted toward you.
* * * LOW HITPOINT WARNING * * *
You feel sick.
The hobgoblin shoots a sling bullet.
The sling bullet completely misses you.
The hobgoblin wields a +0 sling.
The hobgoblin shoots a sling bullet.
The sling bullet closely misses you. The kobold is attracted toward you.
The hobgoblin is attracted toward you. The kobold is attracted toward you.
The goblin is attracted toward you. x2
There is an open door here.
The kobold is attracted toward you.
Okay, then.
Unknown command.
* * * LOW HITPOINT WARNING * * *
You feel sick.
The water moccasin is attracted toward you.
The goblin is attracted toward you.
The hobgoblin is attracted toward you. x3
You die...

####### ########## #####
#......## ##.....#... #....
#.......###......'.. #....
'##........#.......#########....
.§.......gg#.)............#.....
....§....§gggK.@.†........).....
.§.....§.gS#.....).......$#...).
#§....§.K#.....)[#########....
#...§.gg###......)...... #..))
#....K§## ##.....#...... #....
###########################['#
####≈≈≈≈≈≈≈≈≈≈≈≈≈≈≈≈≈≈≈≈≈≈≈~~.)..
≈≈~≈≈≈≈≈~≈≈≈≈≈≈~≈≈≈≈≈≈≈≈≈≈≈~~....
~~~~~~~~~~~~~~~~~~~~~~~~~~~~...).


You could see a water moccasin, 4 hobgoblins, a goblin and a kobold.

Vanquished Creatures
  An orc priest (D:3)
  Jessica (D:2)
  Terence (D:2)
  2 adders (D:3)
  A gnoll (D:3)
  2 dart slugs (D:1)
  2 orcs (D:3)
  2 endoplasms
  5 giant cockroaches
  10 goblins
  9 hobgoblins (D:3)
  3 jackals (D:1)
  6 kobolds
  2 quokkas
  5 ball pythons
  4 frilled lizards
  6 rats
62 creatures vanquished.

Vanquished Creatures (collateral kills)
  An orc priest (D:3)
  Crazy Yiuf (D:2)
  A hobgoblin (D:3)
3 creatures vanquished.

Vanquished Creatures (others)
  A dancing weapon (D:2)
1 creature vanquished.

Grand Total: 66 creatures vanquished

Notes
Turn   | Place    | Note
-------+----------+-------------------------------------------
     0 | D:1      | Jardren the Spriggan Enchanter began the quest for the Orb.
     0 | D:1      | Reached XP level 1. HP: 9/9 MP: 5/5
   135 | D:1      | Reached XP level 2. HP: 11/13 MP: 7/7
   138 | D:1      | Learned a level 2 spell: Ensorcelled Hibernation
  1037 | D:2      | Found Yhimiaky's Magic Scroll Emporium.
  1043 | D:2      | Bought a scroll of noise for 14 gold pieces
  1070 | D:2      | Found a bloodstained altar of Trog.
  1137 | D:2      | Noticed Terence
  1175 | D:2      | Noticed Jessica
  1179 | D:2      | Killed Jessica
  1180 | D:2      | Reached XP level 3. HP: 16/16 MP: 7/9
  1184 | D:2      | Learned a level 3 spell: Tukima's Dance
  1188 | D:2      | Learned a level 3 spell: Confusing Touch
  1199 | D:2      | Found a faded altar of an unknown god.
  1300 | D:2      | Killed Terence
  1301 | D:2      | Reached skill level 5 in Hexes
  1301 | D:2      | Reached XP level 4. HP: 13/21 MP: 1/11
  1552 | D:2      | Found Bequkal's Antique Weapon Shoppe.
  1560 | D:2      | Found Himan's Distillery.
  1562 | D:2      | Found Sohyenki's Weapon Emporium.
  1569 | D:2      | Bought a potion of curing for 30 gold pieces
  1620 | D:2      | Found a runed translucent door.
  1621 | D:2      | Noticed Crazy Yiuf
  1629 | D:2      | Killed Crazy Yiuf
  1736 | D:3      | Learned a level 3 spell: Dazzling Flash
  1829 | D:3      | Identified the +2 leather armour "Titagic" {rCorr}
  2113 | D:3      | Reached XP level 5. HP: 24/24 MP: 13/13
  2519 | D:3      | Reached skill level 5 in Spellcasting
  2836 | D:3      | Reached skill level 5 in Stealth
  3016 | D:3      | Noticed a water moccasin
  3024 | D:3      | Gained mutation: You expend magic power (3 MP) to
                  | strengthen your wands. [potion of mutation]
  3024 | D:3      | Gained mutation: You are partially covered in iridescent
                  | scales. (AC +2) [potion of mutation]
  3024 | D:3      | Gained mutation: Your flesh is cold resistant. (rC+)
                  | [potion of mutation]
  3031 | D:3      | HP: 1/24 [poisoned by a water moccasin]
  3033 | D:3      | Succumbed to a water moccasin's poison

Illustrated notes

Levels and vault maps discovered:
D:1:      amcnicky_arrival_feature_with_door, layout_loops_ring, serial_forest,
          infiniplex_forest_zigzag_2, infiniplex_forest_clump_diagonal,
          infiniplex_forest_straight_2, infiniplex_forest_lined_room_3,
          infiniplex_forest_clump_double, infiniplex_forest_lined_3,
          infiniplex_forest_corner_2, kennysheep_decorative_pillar,
          minmay_tripent
D:2:      layout_rooms, basic_altar, hellmonk_ecumenical_altar_crossroads,
          serial_shops, shop_statue, shop, shop, shop, uniq_jessica,
          uniq_terence, uniq_crazy_yiuf_cottage
D:3:      minmay_goblin_kobold_castle, layout_loops_ring,
          nicolae_underground_beach

Skill      XL: |  1  2  3  4  5 |
---------------+----------------+-----
Spellcasting   | 3 4 5 |  5.3
Hexes          | 4 5 |  5.9
Stealth        | 5 |  5.2
Short Blades   | |  1.1
Dodging        | |  2.6

Action                   |  1- 3 |  4- 6 || total
-------------------------+-------+-------++-------
Melee: Dagger            |    63 |    88 ||   151
       Club              |     7 |    14 ||    21
 Cast: Ensorcelled Hiber |     3 |    11 ||    14
       Tukima's Dance    |     2 |     2 ||     4
       Confusing Touch   |     1 |     2 ||     3
Evoke: Wand              |       |     1 ||     1
  Use: Scroll            |     2 |     2 ||     4
       Potion            |     2 |     4 ||     6
 Stab: Sleeping          |    11 |    11 ||    22
       Invisible         |     1 |       ||     1
       Confused          |       |     2 ||     2
       Distracted        |       |     1 ||     1
Armor: Robe              |     3 |    19 ||    22
Dodge: Dodged            |    55 |    91 ||   146

Table legend: (Time is in decaauts)
 A = Elapsed time spent in this place.
 B = Non-inter-level travel time spent in this place.
 C = Inter-level travel time spent in this place.
 D = Time resting spent in this place.
 E = Time spent auto-exploring this place.
 F = Levels seen in this place.
 G = Mean time per level.
                   A        B        C        D        E       F      G
               +--------+--------+--------+--------+--------+-----+--------+
         Total |   2317 |   2250 |     67 |    379 |   1362 |   3 |  772.3 |
       Dungeon |   2317 |   2250 |     67 |    379 |   1362 |   3 |  772.3 |
               +--------+--------+--------+--------+--------+-----+--------+

Top non-repeatable levels by time:
     D:3: 844 daAuts
     D:1: 750 daAuts
     D:2: 722 daAuts
